Unix NetHack Version 5.0.0-0 post-release - last build May 31 2026 13:37:37 (4f47d67043fb8e84071ad9bc9740482a2de5bd5e,branch:main).

Game began 2026-05-31 20:40:17, ended 2026-05-31 21:07:48.

Felix1, neutral male human Barbarian

                                    ---------------
  -----------      ------          #..............|
  |.......{.|    ##...(.|          #|.............|
  |.........|    # |....|         ##|.............|
  |.......... #####|i...|      #### |.............|
  --------|--  #  #|....|      #    |.............|          ..
          #    #  #|.....###%###    ---------------
        ###    #  #------                #######    ####
       ##      #  #####################`############# ##
     ###       #                     ###      ######  #
   ###         #                     #-------------.--#
  -|--------   #                      |............/(|#
  |.^.......#####                     +..............|#
  |.{<.%...| ##                       |..............|#
  |..^.....+                          |...(...---i....#
  ----------                          ----------------

Felix1 the Pillager        St:18/02 Dx:16 Co:18 In:8 Wi:7 Ch:6  Neutral
Dlvl:4  $:53 HP:0(56) Pw:8(8) AC:6  Xp:4 T:1293 

Latest messages:
 You miss yeovil's ghost.
 You miss yeovil's ghost.
 You miss the gnome.
 The gnome just misses!
 You kill the gnome!
 You see here 4 gold pieces.
 $ - 4 gold pieces (53 in total).
 A floating eye blocks your path.
 You kill the floating eye!
 Welcome to experience level 4.
 You see here a scroll labeled GHOTI.
 You see here a large box.
 In what direction? .
 Hmmm, the large box turns out to be locked.
 You see here a scroll labeled GHOTI.
 r - a scroll labeled GHOTI.
 This door is locked.
 This door is locked.
 You smite yeovil's ghost!
 You miss yeovil's ghost.
 You miss yeovil's ghost.
 You miss yeovil's ghost.
 You smite yeovil's ghost!
 You miss yeovil's ghost.
 You miss yeovil's ghost.
 You miss yeovil's ghost.
 There is a grave here.
 Something is engraved here on the headstone.
 You read: "yeovil, killed by a little dog".
 There are many objects here.
 You hear a chugging sound.
 It's solid stone.
 It's solid stone.
 The homunculus zaps a glass wand!
 The bolt of cold whizzes by you!
 The homunculus zaps a wand of cold!
 The bolt of cold hits you!
 The homunculus zaps a wand of cold!
 The bolt of cold hits you!
 The homunculus misses!
 You smite the homunculus!
 The homunculus turns to flee.
 The homunculus reads a scroll labeled STRC PRST SKRZ KRK!
 The homunculus shudders for a moment.
 Call a scroll labeled STRC PRST SKRZ KRK: 
 The homunculus zaps a wand of cold!
 The bolt of cold hits you!
 You die...
 Do you want your possessions identified? [ynq] (y) y
 Do you want to see your attributes? [ynq] (y) q

Inventory:
 Coins    ('$')
  $ - 53 gold pieces
 Amulets  ('"')
  m - an uncursed amulet of unchanging
 Weapons  (')')
  b - a blessed +0 axe (alternate weapon; not wielded)
  a - a +0 two-handed sword (weapon in hands)
 Armor    ('[')
  g - an uncursed +0 orcish helm (being worn)
  c - an uncursed +0 ring mail (being worn)
 Comestibles  ('%')
  k - an uncursed cram ration
  d - an uncursed food ration
  q - an uncursed sewer rat corpse
 Scrolls  ('?')
  r - a cursed scroll of magic mapping
 Tools    ('(')
  e - an uncursed oil lamp
  l - an uncursed towel
 Gems/Stones  ('*')
  o - an uncursed worthless piece of blue glass

Felix1 the Barbarian's attributes:

Background:
 You were a Pillager, a level 4 male human Barbarian.
 You were neutral, on a mission for Crom
 who was opposed by Mitra (lawful) and Set (chaotic).
 You were right-handed.
 You were in the Dungeons of Doom, on level 4.
 You entered the dungeon 1293 turns ago.
 There was a full moon in effect when your adventure ended.
 You had 83 experience points, 77 more were needed to attain level 5.

Basics:
 You had 0 out of 56 hit points.
 You had all 8 energy points (spell power).
 Your armor class was 6.
 Your wallet contained 53 zorkmids.
 Autopickup was off.

Final Characteristics:
 Your strength was 18/02 (limit:18/100).
 Your dexterity was 16 (limit:18).
 Your constitution was 18 (limit:18).
 Your intelligence was 8 (limit:18).
 Your wisdom was 7 (limit:18).
 Your charisma was 6 (limit:18).

Final Status:
 You weren't hungry.
 You were unencumbered.
 You were wielding a two-handed sword.
 You had basic skill with two-handed sword.

Final Attributes:
 You were devoutly aligned.
 You were poison resistant.
 You were warded.
 You were lucky.
 You are dead.

Miscellaneous:
 You encountered 1 bones level.
 Total elapsed playing time was 26 minutes and 43 seconds.

Major events:
 Turn
    1: Felix1 the neutral male human Barbarian entered the dungeon
  968: attained the rank of Pillager (level 3)
 1293: killed by a bolt of cold zapped by a homunculus

You didn't know any spells.

Skills:
 Fighting Skills
   bare handed combat [Basic]
   two weapon combat  [Unskilled]
   riding             [Unskilled]
 Weapon Skills
   dagger             [Unskilled]
   axe                [Basic]
   pick-axe           [Unskilled]
   short sword        [Unskilled]
   broadsword         [Unskilled]
   long sword         [Unskilled]
   two-handed sword   [Basic]
   saber              [Unskilled]
   club               [Unskilled]
   mace               [Unskilled]
   morning star       [Unskilled]
   flail              [Unskilled]
   hammer             [Unskilled]
   quarterstaff       [Unskilled]
   spear              [Unskilled]
   trident            [Unskilled]
   bow                [Unskilled]
 Spellcasting Skills
   attack spells      [Unskilled]
   escape spells      [Unskilled]

Voluntary challenges:
 Character rerolling was not enabled.
 You were illiterate.
 You never genocided any monsters.
 You never polymorphed an object.
 You never changed form.
 You used no wishes.
Achievement:
 You attained the rank of Pillager.

 The Dungeons of Doom: levels 1 to 4
    Level 1:
    Level 2:
    Level 3:
       A fountain.
    Level 4: <- You were here.
       Some fountains, a grave.
       Final resting place for
          you, killed by a bolt of cold zapped by a homunculus,
          yeovil-Wiz-Hum-Mal-Neu, killed by a little dog.
 The Tutorial:
    Level 1:


Vanquished creatures:
  a little dog
  a floating eye
 an orc zombie
  a wererat
  2 coyotes
  a hobgoblin
  3 giant rats
  a gnome
  a gecko
  3 jackals
  a fox
  a goblin
  5 sewer rats
  4 grid bugs
  a lichen
  a kobold zombie
  3 newts
31 creatures vanquished.

No species were genocided or became extinct.

Game over:
                       ----------
                      /          \
                     /    REST    \
                    /      IN      \
                   /     PEACE      \
                  /                  \
                  |      Felix1      |
                  |      53 Au       |
                  | killed by a bolt |
                  |  of cold zapped  |
                  | by a homunculus  |
                  |                  |
                  |       2026       |
                 *|     *  *  *      | *
        _________)/\\_//(\/(/\)/\//\/|_)_______

Goodbye Felix1 the Barbarian...

You died in The Dungeons of Doom on dungeon level 4 with 530 points,
and 53 pieces of gold, after 1293 moves.
You were level 4 with a maximum of 56 hit points when you died.

